 Dungeon Crawl Stone Soup version 0.31-a0-1327-g8c40ea976f (webtiles) character file.

Game seed: 6039520762366271334

32 Bnni the Digger (level 3, -6/26 HPs)
             Began as a Formicid Earth Elementalist on Dec 20, 2023.
             Killed by nerve-wracking pain
             ... invoked by an orc priest
              (10 damage)
             ... on level 2 of the Dungeon.
             The game lasted 00:03:10 (1155 turns).

Bnni the Digger (Formicid Earth Elementalist)       Turns: 1155, Time: 00:03:11

Health: -6/26      AC:  3    Str: 12    XL:     3   Next: 42%
Magic:  0/6        EV: 11    Int: 16    God:
Gold:   78         SH:  4    Dex: 14    Spells: 0/6 levels left

rFire   . . .        d - +0 trident
rCold   + . .        e - +0 buckler
rNeg    . . .        a - +0 robe
rPois   .            (helmet unavailable)
rElec   .            (no cloak)
rCorr   .            c - +0 pair of gloves
SInv    +            (no boots)
Will    .....        (no amulet)
Stlth   ++           j - ring of protection from cold
HPRegen 0.24/turn    (no ring)
MPRegen 0.10/turn

%: no passive effects
@: no status effects
A: permanent stasis, dig shafts and tunnels, antennae 3, four strong arms
a: Dig, Shaft Self


You were on level 2 of the Dungeon.
You visited 1 branch of the dungeon, and saw 2 of its levels.

You collected 78 gold pieces.

Inventory:

Hand Weapons
 d - a +0 trident (weapon)
Armour
 a - a +0 robe (worn)
 c - a +0 pair of gloves (worn)
 e - a +0 buckler (worn)
Jewellery
 j - a ring of protection from cold (left hand)
Scrolls
 g - a scroll of enchant weapon {unknown}
Potions
 b - a potion of magic
 f - a potion of brilliance {unknown}
 h - a potion of resistance {unknown}
 i - 3 potions of haste {unknown}


   Skills:
 + Level 1.1 Fighting
 - Level 1.7 Dodging
 - Level 2.4 Stealth
 + Level 1.0 Shields
 + Level 2.4 Spellcasting
 * Level 4.3 Earth Magic
 - Level 2.0 Alchemy


You couldn't memorise any spells.
You knew the following spells:

 Your Spells              Type           Power      Damage    Failure   Level
a - Sandblast             Erth           30%        2d9       4%          1
b - Passwall              Alch/Erth      10%        N/A       12%         2
c - Stone Arrow           Conj/Erth      16%        3d8       34%         3

Your spell library contained the following spells:

 Spells                   Type           Power      Damage    Failure   Level
 Sublimation of Blood     Necr           1%         N/A       38%         2
 Petrify                  Alch/Erth      12%        N/A       58%         4
 Brom's Barrelling Bould  Conj/Erth      8%         2d3       75%         4
 Irradiate                Conj/Alch      2%         3d12      99%         5


Dungeon Overview and Level Annotations

Branches:
Dungeon (2/15)

Altars:


Innate Abilities, Weirdness & Mutations

You cannot be hasted, slowed, berserked, paralysed or teleported.
You can dig through walls and to a lower floor.
You have a pair of large antennae on your head. (SInv)
Your four strong arms can wield two-handed weapons with a shield.


Message History

The blast of sand hits the giant cockroach!
You kill the giant cockroach!
The hobgoblin hits you.
Aiming: Sandblast (safe; 4% risk of failure)
Press: ? - help, Q - select action, (/) - cycle Shift-Dir - straight line, f/p - orc priest
Aim: an orc priest, wielding a +0 hand axe (moderately wounded, 82% to hit)
The blast of sand hits the hobgoblin.
The hobgoblin is severely wounded.
The hobgoblin hits you.
* * * LOW HITPOINT WARNING * * *
Unknown command.
Aiming: Sandblast (safe; 4% risk of failure)
Press: ? - help, Q - select action, (/) - cycle Shift-Dir - straight line, f/p - orc priest
Aim: an orc priest, wielding a +0 hand axe (moderately wounded, 82% to hit)
The blast of sand hits the hobgoblin!
You kill the hobgoblin!
The orc priest hits you with a +0 hand axe.
* * * LOW HITPOINT WARNING * * *
Training target 2.0 for Alchemy reached!
Your Alchemy skill increases to level 2!
Aiming: Sandblast (safe; 4% risk of failure)
Press: ? - help, Q - select action, (/) - cycle Shift-Dir - straight line, f/p - orc priest
Aim: an orc priest, wielding a +0 hand axe (moderately wounded, 82% to hit)
The blast of sand misses the orc priest.
The orc priest misses you.
Unknown command.
Aiming: Sandblast (safe; 4% risk of failure)
Press: ? - help, Q - select action, (/) - cycle Shift-Dir - straight line, f/p - orc priest
Aim: an orc priest, wielding a +0 hand axe (moderately wounded, 82% to hit)
The blast of sand hits the orc priest.
The orc priest is heavily wounded.
The orc priest hits you but does no damage.
The orc priest misses you.
You don't have enough magic to cast this spell.
Unknown command.
You hit the orc priest.
The orc priest is severely wounded.
The orc priest invokes the aid of Beogh against you.
Pain shoots through your body!
You die...

#..........#....>....
#.###)#.####.###.#<####
####.#.......# #.#.....
#.......##.#.# #.......
#.##.#)....#.# ########
# #.(#..# # # #.....#
#.##.##.# ##...oo@.#
#.....#### #........B.#
#..........#
#..>.....?.#
+..........#
............#
......#......#
......#......#


You could see an orc priest and an orc.

Vanquished Creatures
  A dart slug (D:1)
  3 orcs (D:2)
  2 bats (D:1)
  2 endoplasms (D:1)
  2 giant cockroaches
  A goblin (D:1)
  A hobgoblin (D:2)
  3 ball pythons
  2 frilled lizards
  7 kobolds (D:1)
  2 rats (D:1)
26 creatures vanquished.

Notes
Turn   | Place    | Note
-------+----------+-------------------------------------------
     0 | D:1      | Bnni the Formicid Earth Elementalist began the quest for
                  | the Orb.
     0 | D:1      | Reached XP level 1. HP: 13/13 MP: 3/3
   125 | D:1      | Reached XP level 2. HP: 20/20 MP: 3/5
   413 | D:1      | Reached skill level 4 in Earth Magic
   734 | D:1      | Reached XP level 3. HP: 25/25 MP: 4/6
   735 | D:1      | Reached skill level 1 in Fighting
   738 | D:1      | Learned a level 2 spell: Passwall
   742 | D:1      | Learned a level 3 spell: Stone Arrow
  1078 | D:2      | Reached skill level 1 in Shields
  1155 | D:2      | Killed from afar by an orc priest

Illustrated notes

Levels and vault maps discovered:
D:1:      erik_arrival_cave_to_civilisation [erik_arrival_cave_to_hall],
          layout_basic, chequers_decorated_corner
D:2:      layout_basic, shapermc_ecumenical_altar_starsandcircs, serial_shops,
          shop, uniq_natasha

Skill      XL: |  1  2  3 |
---------------+----------+-----
Earth Magic    | 4 |  4.3
Fighting       | 1 |  1.1
Shields        | 1 |  1.0
Alchemy        | 2 |  2.0
Dodging        | |  1.7
Stealth        | |  2.4
Spellcasting   | |  2.4

Action                     || total
---------------------------++-------
  Melee: Club              ||     2
         Trident           ||    10
   Cast: Sandblast         ||    38
 Armour: Robe              ||    15
  Dodge: Dodged            ||    16
  Block: Buckler           ||     5

Table legend: (Time is in decaauts)
 A = Elapsed time spent in this place.
 B = Non-inter-level travel time spent in this place.
 C = Inter-level travel time spent in this place.
 D = Time resting spent in this place.
 E = Time spent auto-exploring this place.
 F = Levels seen in this place.
 G = Mean time per level.
                   A        B        C        D        E       F      G
               +--------+--------+--------+--------+--------+-----+--------+
         Total |   1176 |   1134 |     42 |      2 |    960 |   2 |  588.0 |
       Dungeon |   1176 |   1134 |     42 |      2 |    960 |   2 |  588.0 |
               +--------+--------+--------+--------+--------+-----+--------+

Top non-repeatable levels by time:
     D:1: 1045 daAuts
     D:2: 130 daAuts
